 Dungeon Crawl Stone Soup version 0.27-a0-124-g19cb506db8 (webtiles) character file.

Game seed: 4613084727224418006

14 knot the Chopper (level 2, 25/36 HPs)
             Began as a Demonspawn Berserker on Jan 26, 2021.
             Was a Follower of Trog.
             Quit the game on level 1 of the Dungeon.
             The game lasted 00:00:24 (255 turns).

knot the Chopper (Demonspawn Berserker)              Turns: 255, Time: 00:00:25

Health: 25/36      AC:  6    Str: 17    XL:     2   Next: 31%
Magic:  2/2        EV: 10    Int:  8    God:    Trog [*.....]
Gold:   35         SH:  0    Dex: 12    Spells: 1/1 levels left

rFire    . . .     SeeInvis .   a - +0 hand axe
rCold    . . .     Faith    .   (no shield)
rNeg     . . .     Spirit   .   e - +0 scale mail
rPois    .         Reflect  .   (no helmet)
rElec    .         Harm     .   (no cloak)
rCorr    .         Rampage  .   (no gloves)
Will     .....                  (no boots)
Stlth    ..........             (no amulet)
HPRegen  0.12/turn              (no ring)
MPRegen  0.08/turn              (no ring)

@: berserking, very quick
A: claws 1
a: Renounce Religion, Berserk


You were on level 1 of the Dungeon.
You worshipped Trog.
Trog was aware of your devotion.
You visited 1 branch of the dungeon, and saw 1 of its levels.

You collected 35 gold pieces.

Inventory:

Hand Weapons
 a - a +0 hand axe (weapon)
Missiles
 c - 42 stones
Armour
 e - a +0 scale mail (worn)
Scrolls
 b - a scroll of blinking {unknown}
Potions
 d - a potion of attraction {unknown}


   Skills:
 - Level 3.0 Fighting
 + Level 3.4 Axes
 - Level 1.7 Armour
 - Level 1.7 Dodging


You had one spell level left.
You didn't know any spells.
Your spell library was empty.

Dungeon Overview and Level Annotations

Branches:
Dungeon (1/15)

Altars:


Innate Abilities, Weirdness & Mutations

You have sharp fingernails.


Message History

You closely miss the frilled lizard. The gnoll hits you.
The frilled lizard closely misses you. The gnoll hits you.
A red film seems to cover your vision as you go berserk!
You feel yourself moving faster!
You feel mighty!
The frilled lizard bites you but does no damage.
The gnoll hits you but does no damage.
You hit the gnoll.
The gnoll is heavily wounded.
You closely miss the frilled lizard. The frilled lizard bites you.
You hit the gnoll.
You kill the gnoll!
Trog accepts your kill.
You slash the frilled lizard!
You kill the frilled lizard!
Trog accepts your kill.
You have reached level 2!
You feel monstrous as your demonic heritage exerts itself.
Your demonic ancestry asserts itself...
Your fingernails lengthen.
Are you sure you want to abandon this character and quit the game? (Confirm with "yes".)

<##..##....# #.##.#
##..###....# ......
....##....## #.##.##########
#####....## # #.##..........#
###......# #.#.##.########.#
........####.#.#.##..# #.#
.....#### #..........### #.#
###### #..##.#†......# #.#
########....##.#@##..### #.#
.........[...........# #.#
#.#...#..............# #.#
#.#...# #####....#..# #.#
#.#...########...$#..# #.#
#...>.............#..# #.#
####..########..#.#..#######.#
#.........................#
#..#####.###.###..#######.#


There were no monsters in sight!

Vanquished Creatures
  A gnoll (D:1)
  2 giant cockroaches (D:1)
  A goblin (D:1)
  A frilled lizard (D:1)
5 creatures vanquished.

Notes
Turn   | Place    | Note
-------+----------+-------------------------------------------
     0 | D:1      | knot the Demonspawn Berserker began the quest for the Orb.
     0 | D:1      | Reached XP level 1. HP: 18/18 MP: 1/1
   255 | D:1      | Gained mutation: You have sharp fingernails. [demonic
                  | ancestry]
   255 | D:1      | Reached XP level 2. HP: 24/24 MP: 2/2
   255 | D:1      | Quit the game

Illustrated notes

Levels and vault maps discovered:
D:1:      dpeg_arrival_snail, layout_basic

Skill      XL: |  1 |
---------------+----+-----
Axes           | 3 |  3.4
Fighting       | |  3.0
Armour         | |  1.7
Dodging        | |  1.7

Action                   || total
-------------------------++-------
Melee: Hand axe          ||    14
Invok: Berserk           ||     1
Armor: Scale mail        ||     8
       Animal skin       ||     1
Dodge: Dodged            ||     6

Table legend: (Time is in decaauts)
 A = Elapsed time spent in this place.
 B = Non-inter-level travel time spent in this place.
 C = Inter-level travel time spent in this place.
 D = Time resting spent in this place.
 E = Time spent auto-exploring this place.
 F = Levels seen in this place.
 G = Mean time per level.
                   A        B        C        D        E       F      G
               +--------+--------+--------+--------+--------+-----+--------+
         Total |    256 |    221 |     35 |      0 |    179 |   1 |  256.0 |
       Dungeon |    256 |    221 |     35 |      0 |    179 |   1 |  256.0 |
               +--------+--------+--------+--------+--------+-----+--------+

Top non-repeatable levels by time:
     D:1: 256 daAuts
